[Event "Late-Titled-Tuesday-Blitz-February-20-2024"]
[Site "Chess.com"]
[Date "2024.02.20"]
[Round "5"]
[White "kylelancman"]
[Black "vovachesss"]
[Result "0-1"]
[WhiteElo "2479"]
[BlackElo "2786"]
[TimeControl "180+1"]
[EndTime "14:55:00 PST"]
[Termination "vovachesss won on time"]

1. e4 e5 2. Nf3 d5 3. d4 dxe4 4. Nxe5 Bd6 5. Bc4 Bxe5 6. Qh5 Qe7 7. Qxe5 Qxe5 8. dxe5 Nc6 9. Nc3 Bf5 10. Bf4 Nge7 11. Nd5 Nxd5 12. Bxd5 Nb4 13. Bb3 O-O-O 14. Bd2 Nd5 15. O-O-O c6 16. c4 Nc7 17. Be3 a6 18.
Bb6 Rxd1+ 19. Rxd1 Re8 20. Bd4 Ne6 21. Be3 Nc7 22.
Bd4 g5 23. h3 h6 24. Re1 Ne6 25. Be3 Nf4 26. Bxf4 gxf4 27. Bc2 Rxe5 28. f3 e3 29.
Bxf5+ Rxf5 30. Kc2 Rg5 31. Re2 Rg8 32. Kd3 Rd8+ 33.
Kc3 Kd7 34. g3 fxg3 35. Rxe3 Re8 0-1

[Event "Late-Titled-Tuesday-Blitz-February-20-2024"]
[Site "Chess.com"]
[Date "2024.02.20"]
[Round "5"]
[White "MAGMAchess02"]
[Black "ATM622"]
[Result "0-1"]
[WhiteElo "2249"]
[BlackElo "2484"]
[TimeControl "180+1"]
[EndTime "14:55:00 PST"]
[Termination "ATM622 won by resignation"]

1. e4 c6 2. Nf3 d5 3. d3 g6 4. e5 Bg7 5. Be2 Bg4 6. d4 e6 7. Be3 Ne7 8. h3 Bxf3 9. Bxf3 Nf5 10. Nd2 Nxe3 11. fxe3 Qh4+ 12. Ke2 Na6 13. c3 O-O 14. Qe1 Qe7 15. g4 f6 16. exf6 Qxf6 17. Qg3 e5 18.
Rae1 Rae8 19. Kd1 e4 20. Be2 Qd8 21. Kc1 b5 22. g5 Qb6 23. a3 c5 24. h4 cxd4 25.
exd4 b4 26. axb4 Nxb4 27. cxb4 Qxd4 28. Bg4 Qxb2+ 29. Kd1 Bc3 30. Qe3 d4 31. Nc4 Qb3+ 0-1

[Event "Late-Titled-Tuesday-Blitz-February-20-2024"]
[Site "Chess.com"]
[Date "2024.02.20"]
[Round "5"]
[White "rikchessmx"]
[Black "Chesstrainer1"]
[Result "0-1"]
[WhiteElo "2236"]
[BlackElo "2478"]
[TimeControl "180+1"]
[EndTime "14:55:01 PST"]
[Termination "Chesstrainer1 won by resignation"]

1. e4 c5 2. Nf3 a6 3. d4 cxd4 4. Nxd4 Nf6 5. Bd3 e5 6. Nf3 d5 7.
Nbd2 Nc6 8. exd5 Nxd5 9. O-O Be7 10. Nc4 f6 11. Ne3 Nf4 12. Bf5 Qxd1 13. Rxd1 Kf7 14. g3 Ne6 15. c3 g6 16. Be4 Nc5 17. Bc2 b5 18. Nd5 Be6 19. Nc7 Rad8 20. Nxe6 Rxd1+ 21. Bxd1 Kxe6 22. b4 Ne4 23. Bb3+ Kd7 24. Bb2 Kc7 25. a4 Rd8 26. axb5 axb5 27. Kf1 Nd2+ 28. Nxd2 Rxd2 29. Bc1 Rd3 30. Bb2 f5 31. Bg8 h5 32. Bf7 Rd6 33.
Ke2 e4 34. Bc1 Kb7 35. Bf4 Rf6 36. Bd5 Bd6 37. Bg5 Rf8 38. c4 Kc7 39. c5 Be5 40.
Ra7+ Nxa7 0-1

[Event "Late-Titled-Tuesday-Blitz-February-20-2024"]
[Site "Chess.com"]
[Date "2024.02.20"]
[Round "5"]
[White "Slovineanu"]
[Black "SRob2003"]
[Result "1-0"]
[WhiteElo "2451"]
[BlackElo "2657"]
[TimeControl "180+1"]
[EndTime "14:55:04 PST"]
[Termination "Slovineanu won on time"]

1. d4 Nf6 2. Nf3 d5 3. c4 e6 4.
e3 b6 5. b3 Bb7 6. Bd3 Bd6 7. O-O Nbd7 8. Nc3 a6 9. Bb2 O-O 10. Rc1 Qe7 11. a4 dxc4 12. bxc4 e5 13. e4 exd4 14. Nxd4 g6 15. Re1 Rad8 16. Nd5 Nxd5 17.
exd5 Qf6 18. Rc2 Be5 19. Bf1 Rfe8 20. Rce2 Kf8 21. g3 Qg7 22. Bh3 Nc5 23. Rxe5 Rxe5 24. Rxe5 Qxe5 25. Ne6+ Qxe6 26. Bxe6 Nxe6 27. Qc1 Nc5 28.
Bf6 Rd7 29. Qh6+ Ke8 30. Qxh7 Rd6 31. Qg8+ Kd7 32. Be5 1-0

[Event "Late-Titled-Tuesday-Blitz-February-20-2024"]
[Site "Chess.com"]
[Date "2024.02.20"]
[Round "5"]
[White "picturesquecheck"]
[Black "djano"]
[Result "1-0"]
[WhiteElo "2484"]
[BlackElo "2650"]
[TimeControl "180+1"]
[EndTime "14:55:05 PST"]
[Termination "picturesquecheck won by resignation"]

1. e4 c5 2. Nf3 Nc6 3. Bb5 e5 4.
O-O Nge7 5. c3 Ng6 6. d4 cxd4 7.
cxd4 exd4 8. Nxd4 Qb6 9. Nxc6 bxc6 10. Bc4 Bc5 11. Nc3 Qc7 12. Na4 Be7 13. Be3 O-O 14.
Rc1 d6 15. Nc3 Kh8 16. Qd2 Ne5 17. Be2 Qd8 18. h3 f5 19. f4 Ng6 20. Rfd1 a5 21. Na4 fxe4 22. Nb6 Rb8 23. Rxc6 Bb7 24. Rcc1 Nxf4 25.
Bxf4 Qxb6+ 26. Kh1 Rbd8 27. Be3 Qb4 28. Qxb4 axb4 29.
Rc7 Bf6 30. Rxb7 Bxb2 31. Rxb4 Ba3 32. Rxe4 d5 33. Ra4 Bb2 34. Bf3 d4 35. Bxd4 Bxd4 36. Raxd4 Rde8 37. a4 Re5 38. Rd5 Re3 39. a5 Ra3 40.
R1d3 Ra1+ 41. Kh2 h6 42. Be4 Re8 43. Rd8 Rg8 44. Bg6 1-0

[Event "Late-Titled-Tuesday-Blitz-February-20-2024"]
[Site "Chess.com"]
[Date "2024.02.20"]
[Round "5"]
[White "Statham_01"]
[Black "sansanathalia"]
[Result "1-0"]
[WhiteElo "2573"]
[BlackElo "2389"]
[TimeControl "180+1"]
[EndTime "14:55:05 PST"]
[Termination "Statham_01 won by checkmate"]

1. Nc3 d5 2. d4 Nf6 3. Bf4 e6 4. e3 Be7 5. Nf3 O-O 6. Be2 b6 7. Ne5 Bb7 8. h4 Nbd7 9. h5 c5 10. g4 cxd4 11. exd4 Ne4 12. Qd3 a5 13. Nxe4 dxe4 14. Qe3 Nf6 15. c4 b5 16. g5 Ne8 17.
g6 Bb4+ 18. Kf1 Nd6 19. gxh7+ Kxh7 20. Bg4 bxc4 21. a3 c3 22. axb4 cxb2 23. Rb1 axb4 24.
Rg1 Ba6+ 25. Kg2 f5 26. Bh3 Nb5 27. Kh2 Qxd4 28. Qg3 Ra7 29. Qg6+ Kh8 30. Be3 Qxe5+ 31. Kh1 Raf7 32. h6 Qf6 33. Qh5 g6 34. Rxg6 Qe5 35. Rbg1 Nc3 36. h7 Rxh7 37. Qxh7+ Kxh7 38. Rh6# 1-0

[Event "Late-Titled-Tuesday-Blitz-February-20-2024"]
[Site "Chess.com"]
[Date "2024.02.20"]
[Round "5"]
[White "chucksterf10"]
[Black "Balla_Tamas"]
[Result "0-1"]
[WhiteElo "2546"]
[BlackElo "2392"]
[TimeControl "180+1"]
[EndTime "14:55:06 PST"]
[Termination "Balla_Tamas won by checkmate"]

1. f4 d5 2. Nf3 c5 3. g3 Nc6 4.
Bg2 g6 5. O-O Bg7 6. d3 Nf6 7.
Qe1 O-O 8. Na3 d4 9. e4 dxe3 10.
Bxe3 Nd4 11. Ne5 Nd5 12. Bf2 Bf5 13. c3 Nc6 14. Nxc6 bxc6 15. Be4 Bxe4 16. dxe4 Nb6 17. Bxc5 Na4 18. Rd1 Qc7 19. Qf2 Rab8 20. Nc4 Rfd8 21. Bxa7 Rxd1 22. Rxd1 Rd8 23. Rxd8+ Qxd8 24. Qc2 h5 25.
Qxa4 Qd3 26. Ne3 h4 27. Qd1 Qa6 28. Bd4 hxg3 29. hxg3 Qxa2 30. Bxg7 Kxg7 31. Qd4+ Kh7 32. b4 Qe2 33. e5 Qe1+ 34. Kh2 Qe2+ 35. Ng2 Qh5+ 36. Kg1 Qe2 37. c4 Qc2 38. Kh2 Qb1 39. c5 Qf5 40. Qd1 Qe4 41. Qe1 Qc4 42. e6 fxe6 43.
Nh4 Qc2+ 44. Kh3 Qd3 45. Qxe6 Qf1+ 46. Kg4 Qd1+ 47. Kg5 Qh5# 0-1

[Event "Late-Titled-Tuesday-Blitz-February-20-2024"]
[Site "Chess.com"]
[Date "2024.02.20"]
[Round "5"]
[White "Sargsyan_Shant"]
[Black "LeninGuerra"]
[Result "1-0"]
[WhiteElo "2891"]
[BlackElo "2576"]
[TimeControl "180+1"]
[EndTime "14:55:08 PST"]
[Termination "Sargsyan_Shant won by resignation"]

1. c4 e5 2. g3 Bc5 3. Bg2 a6 4. Nc3 Nf6 5. Nf3 d6 6. d3 h6 7.
O-O O-O 8. Rb1 Ba7 9. b4 Bf5 10.
Nd2 c6 11. a4 Nbd7 12. b5 axb5 13. axb5 Rc8 14. bxc6 bxc6 15. Ba3 Nc5 16. Na4 Ne6 17.
Rb7 Bb8 18. Nc3 Rc7 19. Rxb8 Qxb8 20. Bxd6 Rd8 21. Bxe5 Qb2 22. Bxc7 Nxc7 23. Nce4 Nxe4 24.
Nxe4 Ne6 25. Qd2 Qxd2 26. Nxd2 Nd4 27. Re1 Re8 28. Be4 Bxe4 29. dxe4 Rb8 30. e3 Ne6 31. Nf3 Rb4 32. Rc1 c5 33. e5 Kh7 34. Nd2 Kg6 35. g4 h5 36. h3 hxg4 37. hxg4 Kg5 38. f3 Kh4 39. Kf2 Rb2 40. Rh1+ Kg5 41. Rd1 Kh4 42.
Ke2 Kg3 43. Rg1+ Kh2 44. Rb1 Ra2 45. f4 Kh3 46. g5 Kg4 47. Rb7 Nd8 48. Rd7 Ra8 49.
Ne4 Ra2+ 50. Rd2 Ra8 51. Nxc5 Rc8 52. Ne4 Ne6 53. c5 Rc7 54. Rc2 g6 55. c6 Nd8 56.
Nf6+ Kf5 57. Nd5 Rc8 58. Ne7+ 1-0

[Event "Late-Titled-Tuesday-Blitz-February-20-2024"]
[Site "Chess.com"]
[Date "2024.02.20"]
[Round "5"]
[White "ContrVersia"]
[Black "LiemLe"]
[Result "0-1"]
[WhiteElo "2866"]
[BlackElo "3038"]
[TimeControl "180+1"]
[EndTime "14:55:10 PST"]
[Termination "LiemLe won by resignation"]

1. Nf3 d5 2. c4 d4 3. b4 c5 4. Bb2 Nf6 5. g3 Qc7 6. bxc5 e5 7. Bg2 Bxc5 8. O-O O-O 9. d3 Nc6 10. Ba3 Nd7 11. Nfd2 b6 12. Ne4 Bb7 13. Nxc5 bxc5 14. Nd2 Rfb8 15. Rb1 a5 16. Bc1 Nb4 17. Bxb7 Rxb7 18.
Rb2 Rab8 19. Qa4 Nb6 20. Qd1 h6 21. a3 Nc6 22. Ne4 Nd7 23. Rxb7 Rxb7 24. g4 Ne7 25. f4 f5 26. gxf5 Nxf5 27. fxe5 Qxe5 28. Qa4 Qe6 29.
Qxa5 Kh7 30. Qa8 Rb1 31. Qd5 Qg6+ 32. Ng3 Nxg3 33. hxg3 Rxc1 34. Rxc1 Qxg3+ 35. Kf1 Qf4+ 36. Kg2 Nf6 0-1

[Event "Late-Titled-Tuesday-Blitz-February-20-2024"]
[Site "Chess.com"]
[Date "2024.02.20"]
[Round "5"]
[White "Malev212"]
[Black "Fluffey"]
[Result "1-0"]
[WhiteElo "2678"]
[BlackElo "2418"]
[TimeControl "180+1"]
[EndTime "14:55:10 PST"]
[Termination "Malev212 won by checkmate"]

1. e4 c5 2. Nf3 Nc6 3. d4 cxd4 4. Nxd4 e5 5. Nb5 d6 6. c4 Be7 7. N1c3 a6 8. Na3 Nf6 9. Be2 Be6 10. Be3 O-O 11. O-O Nd7 12. Qd2 Nc5 13. Nc2 f5 14. exf5 Bxf5 15. Rac1 Ne6 16. Nd5 Kh8 17. Bd3 Bg5 18.
Bxf5 Rxf5 19. Rcd1 Nf4 20. Bxf4 exf4 21. Qd3 Rf7 22.
Nd4 Ne5 23. Qh3 f3 24. Ne6 fxg2 25. Kxg2 Qg8 26. Nxg5 Rf4 27. Nxf4 h6 28. Rxd6 Qxc4 29. Rxh6+ gxh6 30. Qxh6+ Kg8 31. Qh7+ Kf8 32. Qh8+ Ke7 33. Qxe5+ Kd7 34. Rd1+ Kc6 35. Qd6+ Kb5 36. Rd5+ Ka4 37. b3+ Qxb3 38. axb3+ Kxb3 39. Rd3+ Kc2 40. Qc5+ Kb1 41. Qb4+ Kc2 42. Qb3+ Kc1 43. Rd1# 1-0

[Event "Late-Titled-Tuesday-Blitz-February-20-2024"]
[Site "Chess.com"]
[Date "2024.02.20"]
[Round "5"]
[White "subham777"]
[Black "IlyaGrigorjev"]
[Result "0-1"]
[WhiteElo "2608"]
[BlackElo "2901"]
[TimeControl "180+1"]
[EndTime "14:55:12 PST"]
[Termination "IlyaGrigorjev won by resignation"]

1. e4 e5 2. Nf3 Nc6 3. Bc4 Bc5 4. c3 Nf6 5. d3 O-O 6. Nbd2 d6 7. Nf1 a5 8. Ng3 Be6 9. Bb5 Ne7 10. Bg5 Ng6 11. Qd2 h6 12. Be3 Bxe3 13. fxe3 a4 14. O-O c6 15. Bc4 d5 16. exd5 cxd5 17. Bb5 Qb6 18.
c4 dxc4 19. Bxc4 Bxc4 20. dxc4 Rfd8 21. Qc3 Rac8 22. b3 Nd5 23. Qb2 Nxe3 24. Qf2 Rc6 25. Rfb1 a3 26. Kh1 Nxc4 27. Qe2 Ne3 28. Rc1 Rxc1+ 29.
Rxc1 Nf4 30. Qe1 Nd3 31. Qd2 Nxc1 0-1

[Event "Late-Titled-Tuesday-Blitz-February-20-2024"]
[Site "Chess.com"]
[Date "2024.02.20"]
[Round "5"]
[White "JoakimVonAnd"]
[Black "Bigfish1995"]
[Result "0-1"]
[WhiteElo "2697"]
[BlackElo "3165"]
[TimeControl "180+1"]
[EndTime "14:55:15 PST"]
[Termination "Bigfish1995 won by resignation"]

1. d4 Nf6 2. c4 c6 3. Nf3 d5 4. e3 e6 5. Bd3 Nbd7 6. Nbd2 c5 7.
cxd5 Nxd5 8. O-O cxd4 9. Nxd4 Be7 10. b3 Ne5 11. Bb5+ Bd7 12. Bb2 O-O 13. Bxd7 Qxd7 14. Qe2 Rac8 15. Rfd1 a6 16. Nc4 Ng6 17. g3 b5 18. Nd2 Qb7 19. h4 Nc3 20. Bxc3 Rxc3 21. a4 b4 22. Nc4 Bf6 23. h5 Ne5 24. Nxe5 Bxe5 25. h6 g6 26. Rac1 Rfc8 27. Rxc3 bxc3 28. Qc2 Qb4 29. Nf3 Bf6 30. Rd3 Qa3 31. e4 Qb2 32.
Ne1 Bg5 33. f4 Bxh6 34. e5 Bf8 35. Nf3 Qxc2 0-1

[Event "Late-Titled-Tuesday-Blitz-February-20-2024"]
[Site "Chess.com"]
[Date "2024.02.20"]
[Round "5"]
[White "yuriydovzik"]
[Black "ridnani1"]
[Result "0-1"]
[WhiteElo "2160"]
[BlackElo "2387"]
[TimeControl "180+1"]
[EndTime "14:55:15 PST"]
[Termination "ridnani1 won on time"]

1. Nf3 Nf6 2. g3 g6 3. Bg2 Bg7 4. b3 O-O 5. Bb2 d6 6. d4 Nbd7 7. O-O c5 8. dxc5 Nxc5 9. c4 a6 10. Nbd2 Bf5 11. Nd4 Bc8 12. Qc2 Qc7 13. Rac1 e5 14.
N4f3 Bf5 15. Qd1 Rad8 16. Nh4 Be6 17. Qc2 b6 18. e4 a5 19. Rfd1 Bg4 20. f3 Be6 21.
Bf1 Nfd7 22. Ng2 f5 23. Ne3 f4 24. Nd5 Bxd5 25. cxd5 Nb8 26. g4 h5 27. h3 Qe7 28.
Nc4 Nbd7 29. Bc3 Rf7 30. Be1 Bf8 31. Bf2 Ra8 32. a3 b5 33. Nb2 Rb8 34. Nd3 Nxd3 35. Bxd3 hxg4 36. hxg4 Qg5 37. Qc6 Nf6 38. Be2 Rh7 0-1

[Event "Late-Titled-Tuesday-Blitz-February-20-2024"]
[Site "Chess.com"]
[Date "2024.02.20"]
[Round "5"]
[White "northridgehawk"]
[Black "sakkikuska"]
[Result "1-0"]
[WhiteElo "2284"]
[BlackElo "2501"]
[TimeControl "180+1"]
[EndTime "14:55:17 PST"]
[Termination "northridgehawk won by resignation"]

1. e4 c5 2. d3 Nc6 3. Nd2 g6 4. Ngf3 Bg7 5. g3 e6 6. Bg2 Nge7 7. O-O d5 8. Qe2 O-O 9. h4 b6 10. c3 Bb7 11. Rd1 Qc7 12. Nf1 dxe4 13.
dxe4 Rad8 14. Bf4 e5 15. Be3 Rxd1 16. Rxd1 Rd8 17. N1h2 h5 18. Ng5 Rxd1+ 19. Qxd1 Nd8 20. Qd3 c4 21. Qd2 f6 22. Nh3 Ne6 23. f3 Kf7 24. Bf1 Nc8 25. Be2 Nd6 26. Nf1 Nc5 27. Nf2 a6 28. Kh2 b5 29. Bh6 Ne6 30. Bxg7 Kxg7 31.
Ne3 Qc5 32. b4 cxb3 33. Nd3 Qc7 34. axb3 a5 35. b4 axb4 36. Nxb4 f5 37. Nbd5 Bxd5 38. Qxd5 Kf6 39. Qd2 f4 40. Nd5+ 1-0

[Event "Late-Titled-Tuesday-Blitz-February-20-2024"]
[Site "Chess.com"]
[Date "2024.02.20"]
[Round "5"]
[White "JaackCamel"]
[Black "szachmistrz2500"]
[Result "1-0"]
[WhiteElo "2193"]
[BlackElo "2398"]
[TimeControl "180+1"]
[EndTime "14:55:17 PST"]
[Termination "JaackCamel won by checkmate"]

1. d4 d5 2. c4 e6 3. Nc3 Nf6 4. cxd5 exd5 5. Bg5 c6 6. e3 Bd6 7. Bd3 Nbd7 8. Qc2 Nf8 9. Nge2 Ne6 10. Bh4 g5 11.
Bg3 Ng7 12. h4 g4 13. Nf4 Ngh5 14. Nxh5 Nxh5 15. Bxd6 Qxd6 16. O-O-O h6 17. Kb1 Be6 18. e4 Nf4 19. e5 Qd7 20. Ka1 Nxd3 21. Qxd3 O-O-O 22. Rc1 Kb8 23. g3 h5 24. Na4 b6 25. Nc3 Rc8 26.
Ne2 Bf5 27. Qe3 Be4 28. Rhe1 Qf5 29. Nf4 Rc7 30. Rc3 Rhc8 31. Rec1 Kb7 32. Qd2 Bf3 33.
Qc2 Be4 34. Qa4 f6 35. e6 Qh7 36.
Ra3 a5 37. b4 Ra8 38. bxa5 Rxa5 39. Qb4 Rxa3 40. Qxa3 Qe7 41. Qa4 Qd6 42. Rc3 c5 43. Ra3 cxd4 44. Qa8# 1-0

[Event "Late-Titled-Tuesday-Blitz-February-20-2024"]
[Site "Chess.com"]
[Date "2024.02.20"]
[Round "5"]
[White "JosephRyan"]
[Black "Bkmzzzzz"]
[Result "1-0"]
[WhiteElo "2190"]
[BlackElo "2395"]
[TimeControl "180+1"]
[EndTime "14:55:20 PST"]
[Termination "JosephRyan won by checkmate"]

1. e4 d6 2. d4 Nf6 3. Bd3 e5 4. c3 Be7 5. Nf3 Nbd7 6. O-O O-O 7. Nbd2 c6 8. Re1 Re8 9. Nf1 Bf8 10. Ng3 Qc7 11. Bc2 d5 12. dxe5 Nxe5 13. Nxe5 Qxe5 14. f4 Qc7 15. e5 Qb6+ 16. Be3 Bc5 17. Bxc5 Qxc5+ 18. Qd4 Qxd4+ 19. cxd4 Nd7 20. b4 Nb6 21. Bd3 Bd7 22. h3 a6 23. Kh2 Na4 24. Rac1 b5 25.
Nh5 a5 26. a3 Nb2 27. Bf1 axb4 28. axb4 Ra4 29. Ra1 Rea8 30. Rxa4 Rxa4 31. g4 Rxb4 32. f5 Rxd4 33. e6 fxe6 34. fxe6 Be8 35. Ng3 c5 36.
Nf5 Re4 37. Rxe4 dxe4 38. Nd6 c4 39. Nxe8 Kf8 40. Nd6 c3 41. Nf5 c2 42. e7+ Kf7 43. Bxb5 c1=Q 44. e8=Q+ Kf6 45. Qe7+ Kg6 46. Be8# 1-0

[Event "Late-Titled-Tuesday-Blitz-February-20-2024"]
[Site "Chess.com"]
[Date "2024.02.20"]
[Round "5"]
[White "icaughtacrab"]
[Black "FMOlexandrProhorov"]
[Result "0-1"]
[WhiteElo "2042"]
[BlackElo "2335"]
[TimeControl "180+1"]
[EndTime "14:55:21 PST"]
[Termination "FMOlexandrProhorov won by resignation"]

1. e4 c5 2. Nf3 e6 3. c3 Nf6 4. e5 Nd5 5. d4 cxd4 6. cxd4 d6 7. Bb5+ Nc6 8. O-O Be7 9. Bxc6+ bxc6 10. exd6 Qxd6 11. Nc3 O-O 12. Ne4 Qd8 13. Be3 Rb8 14.
b3 Ba6 15. Re1 f5 16. Nc5 Bxc5 17. dxc5 Qf6 18. Bd4 Qh6 19. Ne5 Rbc8 20. Qf3 Qf4 21. Qxf4 Nxf4 22. Rad1 Rfd8 23. Be3 Nd5 24. h3 h6 25. Ng6 Kf7 26. Ne5+ Kg8 27. Ng6 Kf7 28. Ne5+ Ke7 29. Ng6+ Kf6 30. Nf4 Nxe3 31. Rxd8 Rxd8 32. Rxe3 Rd1+ 33. Kh2 e5 34. Ne2 Bxe2 35. Rxe2 Rc1 36. b4 Ke6 37. Kg3 Rc3+ 38. Re3 f4+ 39. Kf3 fxe3 40.
fxe3 Rc2 0-1

[Event "Late-Titled-Tuesday-Blitz-February-20-2024"]
[Site "Chess.com"]
[Date "2024.02.20"]
[Round "5"]
[White "Franmu14"]
[Black "cmunda"]
[Result "1-0"]
[WhiteElo "2678"]
[BlackElo "2133"]
[TimeControl "180+1"]
[EndTime "14:55:22 PST"]
[Termination "Franmu14 won by resignation"]

1. e4 c5 2. Nc3 Nc6 3. Bb5 Nd4 4. Bd3 e5 5. Nf3 d6 6. Nxd4 cxd4 7. Nd5 Ne7 8. Nxe7 Bxe7 9. c3 O-O 10. cxd4 exd4 11.
O-O f5 12. exf5 Bxf5 13. Bxf5 Rxf5 14. Qb3+ Kh8 15. Qxb7 d3 16. Qe4 Qf8 17. b3 d5 18.
Qxd3 Bc5 19. Bb2 Rxf2 20. Kh1 Re8 21. b4 Bb6 22. Rac1 h6 23. h3 Qf7 24. a4 Rf8 25. Rxf2 Qxf2 26. a5 Bd8 27. Qg6 Bf6 28. Bxf6 Qxf6 29.
Qxf6 Rxf6 30. Rc7 Rf4 31. Rb7 Rd4 32. Kg1 a6 33. Rb6 Rxd2 34. Rxa6 Rb2 35. Rb6 d4 36. a6 d3 37. a7 d2 38. a8=Q+ 1-0

[Event "Late-Titled-Tuesday-Blitz-February-20-2024"]
[Site "Chess.com"]
[Date "2024.02.20"]
[Round "5"]
[White "laskakid"]
[Black "boguszp"]
[Result "1-0"]
[WhiteElo "2354"]
[BlackElo "2006"]
[TimeControl "180+1"]
[EndTime "14:55:22 PST"]
[Termination "laskakid won by checkmate"]

1. d4 d5 2. c4 c6 3. cxd5 cxd5 4. Bf4 Nc6 5. e3 Nf6 6. Nc3 a6 7. Be2 Bf5 8. Nf3 e6 9. Qb3 Qc8 10. O-O Be7 11. Na4 Nd7 12. Rfc1 O-O 13. Ne5 Ra7 14. Nb6 Nxb6 15. Qxb6 Bd8 16. Nxc6 Bxb6 17. Ne7+ Kh8 18.
Nxc8 Bxd4 19. exd4 Ra8 20. Nd6 Bg6 21. Nxb7 Ra7 22.
Nc5 Rfa8 23. Bxa6 f6 24. Bd3 Bxd3 25. Nxd3 g5 26. Bd6 Ra6 27. Bc5 Rc8 28. Kf1 Kg7 29.
b4 Ra3 30. Ke2 Rca8 31. Rc2 f5 32. b5 Kf6 33. b6 Rb8 34. Bxa3 Rxb6 35. Rb2 Ra6 36.
Bc5 f4 37. a4 Kf5 38. f3 h5 39. a5 g4 40. Rb6 Ra8 41. a6 gxf3+ 42. gxf3 Rg8 43.
Kf2 h4 44. a7 h3 45. Rg1 Ra8 46. Rb8 Rxa7 47. Bxa7 Kf6 48. Bc5 e5 49. Rf8+ Ke6 50.
Rg6+ Kd7 51. Rf7+ Ke8 52. Re7+ Kd8 53. Rg8# 1-0

[Event "Late-Titled-Tuesday-Blitz-February-20-2024"]
[Site "Chess.com"]
[Date "2024.02.20"]
[Round "5"]
[White "zverr1"]
[Black "KaydenTroffChess"]
[Result "0-1"]
[WhiteElo "2554"]
[BlackElo "2826"]
[TimeControl "180+1"]
[EndTime "14:55:24 PST"]
[Termination "KaydenTroffChess won on time"]

1. e4 c5 2. Nf3 g6 3. d4 cxd4 4. Nxd4 Bg7 5. c4 Qb6 6. Nb5 Nf6 7. N1c3 O-O 8. Be2 a6 9. Na3 d6 10. O-O Nc6 11. Rb1 Be6 12. Be3 Qa5 13. f4 b5 14.
cxb5 axb5 15. Naxb5 Rfb8 16. a4 Qb4 17. Nd4 Nxd4 18. Qxd4 Nxe4 19. Qxb4 Rxb4 20. Nxe4 Rxe4 21. Bf3 Raxa4 22. Bxe4 Rxe4 23. Kf2 Ba2 24. Ra1 Ra4 25. Rfd1 Bxb2 26. Rxa2 Rxa2 27. Rd2 e5 28. Kf3 f5 29. Bb6 Ra3+ 30. Ke2 Rb3 31. Rxd6 exf4 0-1

[Event "Late-Titled-Tuesday-Blitz-February-20-2024"]
[Site "Chess.com"]
[Date "2024.02.20"]
[Round "5"]
[White "Abund"]
[Black "WilsonPalencia21"]
[Result "1-0"]
[WhiteElo "2792"]
[BlackElo "2537"]
[TimeControl "180+1"]
[EndTime "14:55:24 PST"]
[Termination "Abund won on time"]

1. d4 Nf6 2. Nf3 c5 3. c3 d5 4. Bf4 Nc6 5. dxc5 a5 6. Na3 Bg4 7. Nb5 Rc8 8. a3 Bxf3 9. exf3 e5 10. Be3 Be7 11. Be2 O-O 12. O-O Re8 13. b4 h6 14.
Qb3 d4 15. Rfd1 axb4 16. axb4 Nd5 17. Bc4 Nxe3 18. Bxf7+ Kh8 19. fxe3 Rf8 20. cxd4 exd4 21. exd4 Bf6 22. Bd5 Nxb4 23. Bxb7 Rb8 24. c6 Nd5 25.
Kh1 Nc7 26. Nc3 Qd6 27. Ne4 Qxc6 28. Rab1 Qd7 29. Nc5 Qd6 30. Qc4 Rbe8 31. Be4 1-0

[Event "Late-Titled-Tuesday-Blitz-February-20-2024"]
[Site "Chess.com"]
[Date "2024.02.20"]
[Round "5"]
[White "mishanick"]
[Black "only_strong_moves"]
[Result "1-0"]
[WhiteElo "3003"]
[BlackElo "2670"]
[TimeControl "180+1"]
[EndTime "14:55:25 PST"]
[Termination "mishanick won by checkmate"]

1. d4 Nf6 2. c4 e6 3. Nc3 d5 4.
Nf3 c5 5. cxd5 cxd4 6. Qa4+ Bd7 7. Qxd4 exd5 8. Nxd5 Nxd5 9. Qxd5 Nc6 10. e3 Nb4 11.
Qe4+ Be7 12. Bc4 f5 13. Qb1 Rc8 14. Nd2 b5 15. a3 bxc4 16. axb4 O-O 17. O-O Qb6 18.
Nf3 Bxb4 19. Bd2 Bxd2 20. Nxd2 f4 21. exf4 Rxf4 22. Qc1 Bc6 23. Nxc4 Qc7 24. Ne3 Qb7 25. Qd2 Rff8 26. Qd4 Kh8 27. Rxa7 Qb3 28. Qxg7# 1-0

[Event "Late-Titled-Tuesday-Blitz-February-20-2024"]
[Site "Chess.com"]
[Date "2024.02.20"]
[Round "5"]
[White "StrackedAktonamee"]
[Black "Mesa_1"]
[Result "1/2-1/2"]
[WhiteElo "2376"]
[BlackElo "2550"]
[TimeControl "180+1"]
[EndTime "14:55:25 PST"]
[Termination "Game drawn by repetition"]

1. Nf3 c5 2. e4 e6 3. g3 d5 4.
exd5 exd5 5. d4 cxd4 6. Nxd4 Nc6 7.
Bg2 Bc5 8. Be3 Qb6 9. Qe2 Nge7 10. Nxc6 bxc6 11. Bxc5 Qxc5 12. O-O O-O 13. Re1 Nf5 14. Nc3 a5 15. Rad1 Ba6 16. Qe5 Nh6 17.
Qg5 Qb4 18. Rb1 Rae8 19. Rxe8 Rxe8 20. a3 Qb6 21. b3 Qd4 22. Na4 f6 23. Qh5 Re5 24.
Qh3 Re2 25. Rf1 Nf7 26. Qd7 h5 27. Bf3 Rxc2 28. Qe8+ Kh7 29. Qxf7 Bxf1 30. Qxh5+ Kg8 31. Qe8+ Kh7 32. Qh5+ Kg8 33. Qe8+ Kh7 34. Qh5+ 1/2-1/2

[Event "Late-Titled-Tuesday-Blitz-February-20-2024"]
[Site "Chess.com"]
[Date "2024.02.20"]
[Round "5"]
[White "shirovin"]
[Black "egnfanclub"]
[Result "0-1"]
[WhiteElo "2097"]
[BlackElo "2378"]
[TimeControl "180+1"]
[EndTime "14:55:25 PST"]
[Termination "egnfanclub won by checkmate"]

1. e4 e5 2. Nf3 Nc6 3. Bb5 a6 4. Ba4 d6 5. c3 f5 6. exf5 Bxf5 7. d4 e4 8. Nfd2 Nf6 9. O-O d5 10. Re1 Be7 11. f3 O-O 12. Bb3 Kh8 13.
fxe4 Nxe4 14. Nf1 Bd6 15. Nbd2 Nf2 16. Qe2 Bd3 17. Qe6 Ne7 18. Nf3 Bf5 19. Qe2 Nd3 20. Rd1 Nxc1 21. Raxc1 Be4 22. Ne5 Ng6 23. Nxg6+ hxg6 24. Ne3 Qh4 25. g3 Qg5 26. c4 Bf3 27. Qd3 Bxd1 28. Rxd1 c6 29. cxd5 cxd5 30. Nxd5 Rae8 31.
Nc3 Re3 32. Qd2 Bxg3 33. hxg3 Rxg3+ 34. Kh2 Qh4# 0-1

[Event "Late-Titled-Tuesday-Blitz-February-20-2024"]
[Site "Chess.com"]
[Date "2024.02.20"]
[Round "5"]
[White "zajka-molotok"]
[Black "GMRAVEN_ON_YOUTUBE"]
[Result "0-1"]
[WhiteElo "2522"]
[BlackElo "2761"]
[TimeControl "180+1"]
[EndTime "14:55:26 PST"]
[Termination "GMRAVEN_ON_YOUTUBE won on time"]

1. e4 c5 2. Nf3 e6 3. g3 Nc6 4. Bg2 Nf6 5. d3 d5 6. Qe2 Be7 7. O-O O-O 8. e5 Nd7 9. c4 Nb6 10. Nc3 f5 11. exf6 Bxf6 12. Bf4 Re8 13. Rfe1 Bd7 14.
Ne5 Nd4 15. Qd2 g5 16. Nxd7 Nxd7 17. Be3 Nb6 18. Bxd4 cxd4 19. Nb5 dxc4 20. Bxb7 Rb8 21. Bc6 Re7 22. Be4 a6 23. Na3 c3 24. Qe2 Qd6 25.
Nc4 Nxc4 26. dxc4 Rxb2 27. Qh5 d3 28. Rad1 d2 29. Re3 c2 30. Bxc2 Rxc2 31. Rf3 Qe5 32.
Kg2 Qe4 33. Qh6 g4 0-1

[Event "Late-Titled-Tuesday-Blitz-February-20-2024"]
[Site "Chess.com"]
[Date "2024.02.20"]
[Round "5"]
[White "karinachess1"]
[Black "Atanejhad"]
[Result "1-0"]
[WhiteElo "2661"]
[BlackElo "2429"]
[TimeControl "180+1"]
[EndTime "14:55:27 PST"]
[Termination "karinachess1 won by checkmate"]

1. d4 d5 2. c4 e6 3. Nc3 Nf6 4. cxd5 exd5 5. Bg5 c6 6. e3 Be7 7. Bd3 O-O 8. Qc2 h6 9. Bh4 Re8 10. Nf3 Ne4 11. Bxe7 Qxe7 12. O-O Nd7 13. a3 Nxc3 14.
bxc3 Nf6 15. c4 dxc4 16. Bxc4 Be6 17. Bd3 Bd5 18. Ne5 Nd7 19. f4 Nf6 20. e4 Be6 21. f5 Bc8 22. Bc4 Rf8 23. Rae1 Bd7 24. Ng6 Qd6 25.
Nxf8 Qxd4+ 26. Kh1 Rxf8 27. e5 Nd5 28. Bxd5 cxd5 29.
Qc7 Bc6 30. e6 Qf6 31. Qe5 fxe6 32. Qxe6+ Qxe6 33. fxe6 Re8 34. Rf4 g5 35. Rf6 Kg7 36.
Ref1 d4 37. Rf7+ Kg6 38. R1f6+ Kh5 39. Rh7 d3 40. h3 Kh4 41. Kh2 g4 42. Rhxh6+ Kg5 43. h4# 1-0